 Dungeon Crawl Stone Soup version 0.19.5 (webtiles) character file.

65 IcySystem the Sneak (level 3, 17/17 HPs)
             Began as a Spriggan Enchanter on May 24, 2017.
             Quit the game on level 2 of the Dungeon.
             The game lasted 00:04:57 (1669 turns).

IcySystem the Sneak (Spriggan Enchanter)            Turns: 1669, Time: 00:04:57

Health: 17/17      AC:  3    Str:  4    XL:     3   Next: 92%
Magic:  8/8        EV: 18    Int: 16    God:
Gold:   71         SH:  0    Dex: 17    Spells: 3 memorised, 2 levels left

rFire  . . .     SeeInvis +     a - +1 dagger
rCold  . . .     Gourm    .     b - +1 robe
rNeg   . . .     Faith    .     (shield restricted)
rPois  .         Spirit   .     (helmet restricted)
rElec  .         Reflect  .     (no cloak)
rCorr  .         Harm     .     (gloves unavailable)
MR     .....                    (boots unavailable)
Stlth  +++.......               (no amulet)
                                (no ring)
                                (no ring)

@: very quick
A: unfitting armour, see invisible, herbivore 3, speed 3, slow metabolism 2
a: no special abilities


You were on level 2 of the Dungeon.
You were not hungry.

You visited 1 branch of the dungeon, and saw 2 of its levels.

You collected 71 gold pieces.

Inventory:

Hand Weapons
 a - a +1 dagger (weapon)
Armour
 b - a +1 robe (worn)
Scrolls
 g - a scroll of fog {unknown}
 h - a scroll of immolation {unknown}
 i - a scroll of recharging {unknown}
 j - a scroll of identify {unknown}
 k - a scroll of enchant armour {unknown}
 m - a scroll of enchant weapon {unknown}
 n - a scroll of teleportation {unknown}
 o - a scroll of blinking {unknown}
Potions
 e - 2 potions of invisibility {unknown}
 p - a potion of mutation {unknown}
Books
 c - a book of Maledictions

   Spells                             Type                      Level
   a - Corona                         Hexes                        1
   b - Ensorcelled Hibernation        Hexes/Ice                    2
   c - Confuse                        Hexes                        3
   d - Tukima's Dance                 Hexes                        3
   e - Dazzling Spray                 Conjuration/Hexes            3
Comestibles
 d - 2 bread rations
 f - 5 fruits
 l - a slice of pizza


   Skills:
 + Level 0.4 Fighting
 - Level 1.1 Short Blades
 - Level 3.0 Dodging
 + Level 5.6 Stealth
 + Level 3.1 Spellcasting
 + Level 4.2 Hexes
 + Level 1.0 Ice Magic


You had 2 spell levels left.
You knew the following spells:

 Your Spells              Type           Power        Failure   Level  Hunger
a - Corona                Hex            ###....      3%          1    None
b - Ensorcelled Hibernat  Hex/Ice        ##....       12%         2    ##.....
c - Confuse               Hex            ###.....     12%         3    ###....


Dungeon Overview and Level Annotations

Branches:
Dungeon (2/15)

Altars:


Innate Abilities, Weirdness & Mutations

You are very small and have problems with some larger weapons.
You are too small for most types of armour.
You have supernaturally acute eyesight. (SInv)
You are a herbivore.
You cover ground extremely quickly.
You need consume almost no food.


Message History

You closely miss the hobgoblin.
The hobgoblin is heavily wounded.
The hobgoblin barely misses you.
You hit the hobgoblin.
The hobgoblin is almost dead.
The hobgoblin barely misses you.
You hit the hobgoblin.
You kill the hobgoblin!
You hit the kobold but do no damage. The kobold hits you but does no damage.
You hit the kobold.
The kobold is moderately wounded.
The kobold misses you.
You hit the kobold.
You kill the kobold!
No target in view!
No target in view!
You now have 71 gold pieces (gained 2).
Things that are here:
a short sword; a club; a kobold corpse Are you sure you want to abandon this character and quit the game? (Confirm with "yes".)

#+ # #.# # #.### #
#.#.## #....###
#......
#####....####
#...........# #@#
#.#.# #.# #.#.# ...
#.###.#.# #'#
#.....#.# #.#
#.##..#.#####.#
#.##..#.......##
##.##..#..###...###
...........#........
######.......#...###


There were no monsters in sight!

Vanquished Creatures
  3 gnolls (D:2)
  2 worms (D:2)
  2 dart slugs (D:1)
  A ball python (D:1)
  A bat (D:1)
  3 giant cockroaches (D:1)
  2 goblins (D:1)
  5 hobgoblins
  2 frilled lizards (D:1)
  A kobold (D:2)
  4 rats (D:1)
26 creatures vanquished.

Notes
Turn   | Place    | Note
-------+----------+-------------------------------------------
     0 | D:1      | IcySystem the Spriggan Enchanter began the quest for the Orb.
     0 | D:1      | Reached XP level 1. HP: 9/9 MP: 5/5
   337 | D:1      | Reached XP level 2. HP: 2/13 MP: 4/6
   552 | D:1      | Reached skill level 5 in Stealth
   556 | D:1      | Learned a level 2 spell: Ensorcelled Hibernation
  1277 | D:2      | Reached XP level 3. HP: 17/17 MP: 5/8
  1380 | D:2      | Reached skill level 1 in Ice Magic
  1621 | D:2      | Learned a level 3 spell: Confuse
  1669 | D:2      | Quit the game

Skill      XL: |  1  2  3 |
---------------+----------+-----
Stealth        | 5 |  5.6
Hexes          | 4 |  4.2
Spellcasting   | 3 |  3.1
Ice Magic      | 1 |  1.0
Fighting       | |  0.4
Short Blades   | |  1.1
Dodging        | |  3.0

Action                   || total
-------------------------++-------
Melee: Dagger            ||   104
 Cast: Corona            ||     1
       Ensorcelled Hiber ||    18
 Stab: Sleeping          ||    14
Armor: Robe              ||     9
Dodge: Dodged            ||    85
